[Event "ChessKid Cup Div-II 2023"]
[Site "Online"]
[Date "2023.05.24"]
[Round "3.3"]
[White "Nguyen, Ngoc Truong Son"]
[Black "Oparin, Grigoriy"]
[Result "1-0"]
[ECO "E05"]
[WhiteElo "2645"]
[BlackElo "2667"]
[Annotator "TA"]
[PlyCount "116"]
[EventDate "2023.05.21"]
[EventType "k.o."]
[EventCountry "NET"]
[SourceTitle "playchess.com"]
[Source "ChessBase"]
[SourceQuality "1"]
[TimeControl "900+3"]

1. d4 Nf6 2. Nf3 d5 3. c4 e6 4. g3 Be7 5. Bg2 O-O 6. O-O dxc4 7. Qc2 a6 8. a4 Bd7 9. Qxc4 Bc6 10. Bg5 Nbd7 {[%emt 0:00:02] E05: Open Catalan: 5 Nf3 Be7.} 11. e3 $5 {[%emt 0:00:02][%mdl 4] Leaves trodden paths.} h6 12. Bxf6 Nxf6 {[%emt 0:00:00] The position is equal.} 13. Nbd2 Bd5 {[%emt 0:00:01] A strong pair of Bishops.} 14. Qc2 {[%emt 0:00:31] [#]} Bxf3 $146 (14... b6 {is more complex.} 15. Ne5 c5 16. dxc5 Bxc5 17. Ne4 Nxe4 18. Bxe4 Rc8) ({Predecessor:} 14... Bb4 15. Rfc1 Rc8 16. Nb3 b6 17. a5 Bxb3 18. Qxb3 bxa5 19. Ne5 c5 20. dxc5 Nd5 {0-1 Amarasinghe,A (1873)-Zemach,R (2235) Titled Tuesday intern op 25th May blitz 2021 (1)}) 15. Bxf3 c6 16. Nc4 a5 17. h4 Bb4 18. Rfd1 Nd7 19. Kg2 Qe7 20. h5 Rfd8 21. b3 Rac8 22. Be2 Rc7 23. Rd3 Rcc8 24. Rad1 b5 25. Ne5 Nxe5 (25... bxa4 $11 26. bxa4 c5) 26. dxe5 $14 Rxd3 27. Qxd3 bxa4 {[%emt 0:00:02] Black is weak on the light squares} 28. bxa4 c5 {[%emt 0:00:00] [#]} ({Black should play} 28... Qc7) 29. Qe4 $1 $16 Qc7 30. Bc4 {[%emt 0:04:39] White is much more active.} (30. Bd3 $16 {Black must now prevent Qh7+.} Qc6 31. Qxc6 Rxc6 32. Bc4) 30... Rd8 $1 $14 31. Rd3 Kf8 $2 {[%emt 0:00:34][%mdl 8192] White leaves nothing to chance now.} (31... Rxd3 $14 32. Bxd3 Kf8) 32. Rxd8+ $18 Qxd8 {[%emt 0:00:02][%mdl 4096] Endgame KQB-KQB} 33. Qh7 Qa8+ (33... Bc3 $142 34. Qh8+ {[%mdl 64] Deflection} Ke7 35. Qxg7 Qc7 36. Qf6+ (36. Qxh6 Qxe5 37. Qh7 Qf5 $16) 36... Kf8 37. Qxh6+ (37. Bxe6 $2 Qc6+ $19 {[%mdl 64] Pin, Double Attack}) 37... Kg8 38. Qg5+ Kf8) 34. Kg1 $2 (34. f3 {Intending Qh8+ and mate.} Qd8 35. Qh8+ {[%mdl 64] Deflection} Ke7 36. Qxg7) 34... Qf3 $2 (34... Ke7 $18 35. Qxg7 Qf3 36. Qxh6 Be1 37. Qg5+ Kf8) 35. Qh8+ Ke7 {[%emt 0:00:02] [#] And now ...Be1 would win.} 36. Bb5 $1 ({Not} 36. Qxg7 Be1 $14) 36... Qd1+ 37. Kg2 Qd8 38. Qxg7 Qd5+ 39. f3 Kd8 40. Qf8+ (40. e4 $142 Qb7 41. Qf8+ Kc7 42. Qd6+ Kc8 43. Ba6 Qxa6 44. Qxa6+ Kd7 45. Qd3+ Ke7 46. Qe3) 40... Kc7 41. Qxf7+ Kb6 42. Qf4 {[%emt 0:00:03] Threatens to win with Bc4.} Bd2 43. Bc4 Bxe3 44. Bxd5 Bxf4 45. Bxe6 (45. gxf4 $142 exd5 46. f5 Kc7 47. f6 Kd7 48. f4 d4 49. Kf3 c4 50. Ke4) 45... Bxe5 {[%emt 0:00:01] KB-KB} 46. f4 Bc3 47. Kf3 (47. Bc4 $142 Kc7 48. Kf3 Bd4 49. Ke4 Kd7 50. Kf5 Be3 51. Kf6 Bd4+ 52. Kg6) 47... Kc6 48. Ke4 {[%emt 0:00:03] White mates.} Kd6 49. Kf5 Ke7 50. Bc4 Be1 51. g4 Bd2 52. g5 Kf8 53. Kg6 Bxf4 54. Kxh6 ({Weaker is} 54. gxh6 Be3 55. h7 Bd4 $16) 54... Bd2 55. Kg6 Be3 56. h6 Bd2 57. Kh5 Be3 58. g6 Bd4 {[%emt 0:00:01] Weighted Error Value: White=0.39/Black=0.61} 1-0

[Event "ChessKid Cup Div-II 2023"]
[Site "Online"]
[Date "2023.05.24"]
[Round "3.4"]
[White "Oparin, Grigoriy"]
[Black "Nguyen, Ngoc Truong Son"]
[Result "1/2-1/2"]
[ECO "E16"]
[WhiteElo "2667"]
[BlackElo "2645"]
[Annotator "TA"]
[PlyCount "170"]
[EventDate "2023.05.21"]
[EventType "k.o."]
[EventCountry "NET"]
[SourceTitle "playchess.com"]
[Source "ChessBase"]
[SourceQuality "1"]
[TimeControl "900+3"]

1. d4 Nf6 2. c4 e6 3. Nf3 d5 4. g3 Bb4+ 5. Nbd2 O-O 6. Bg2 b6 7. O-O Bb7 8. Ne5 Bd6 9. cxd5 Bxe5 10. dxe5 Nxd5 11. Qa4 Nd7 12. Nf3 Nc5 13. Qg4 f5 14. exf6 Qxf6 15. Rb1 Qf5 16. Qxf5 exf5 17. Nd4 a5 18. Rd1 Rad8 19. Bg5 Rd7 20. Rbc1 h6 21. Bd2 Ne7 22. Bxb7 Rxd4 23. Bf3 (23. e3 $1 $14 Rd7 24. Bf3) 23... Rfd8 $15 24. Rc2 Ne4 25. Bxe4 fxe4 26. Kf1 (26. Rxc7 Nf5 27. g4 Rxd2 $17) 26... c5 27. Ke1 Nc6 28. Rdc1 Kf7 29. a3 h5 30. Be3 R4d5 31. Rc4 Re8 32. h3 Kf6 33. Bd2 Kf5 34. b4 axb4 (34... Ne5 $5 35. R4c3 cxb4 36. axb4 a4 $15) 35. axb4 Ne5 36. R4c3 $1 ({Of course not} 36. g4+ hxg4 37. hxg4+ Nxg4 $17) 36... c4 37. b5 Rxb5 38. Bf4 Rc8 39. Bxe5 Kxe5 40. Rxc4 Rbc5 41. Rxc5+ bxc5 42. Kd2 Kd4 43. Ra1 Rf8 44. Ra4+ c4 45. e3+ Kc5 46. Kc3 Rxf2 47. Ra5+ Kd6 (47... Kb6 $5 48. Rxh5 Rf3 $14) 48. Rxh5 Rf3 49. Rg5 Rxe3+ 50. Kxc4 Rd3 51. Rxg7 Ke5 52. Rg5+ Kf6 53. h4 Rd1 54. Rg8 Kf7 {[%emt 0:00:04] [#]} (54... Kf5 $11) 55. Rg4 $1 $16 Rd3 {[%emt 0:00:07] [#]} 56. h5 ({Much worse is} 56. Rxe4 $6 Rxg3 57. h5 Rh3 $11) (56. Rf4+ $1 $16 Kg6 57. g4 (57. Rxe4 Rxg3 58. Re8 Rg4+ 59. Kd5 Rxh4 $11)) 56... Kf6 $11 57. h6 Rd1 58. Rh4 Rd8 59. Rxe4 Kg6 60. Re6+ Kg5 (60... Kf5 $5 61. Re7 Kf6 $11) 61. h7 Rh8 62. Re7 Kg6 63. Kd4 Kf6 $2 (63... Rxh7 $11 64. Re8 Rg7) 64. Ra7 $18 Re8 65. Ra1 $2 ({White should try} 65. Rb7 $18) 65... Kg7 $11 66. Rh1 Kh8 67. g4 Re7 68. Kd5 Rg7 (68... Rxh7 {simplifies} 69. Rxh7+ Kxh7 70. Ke5 Kg6) 69. Rg1 Kxh7 70. Ke5 Kg6 71. Kf4 Rf7+ 72. Kg3 Rb7 73. Ra1 Rb6 74. Ra8 Rc6 75. Kh4 Kg7 76. Ra5 Kg6 77. Rg5+ Kh6 78. Rd5 Kg6 79. Rd8 Rb6 80. Rg8+ Kh7 81. Rg5 Kh6 82. Rh5+ Kg6 83. Rg5+ Kh6 84. Rh5+ Kg6 85. Rg5+ Kh6 1/2-1/2

[Event "ChessKid Cup Div-II 2023"]
[Site "Online"]
[Date "2023.05.25"]
[Round "4.1"]
[White "Nguyen, Ngoc Truong Son"]
[Black "Fedoseev, Vladimir"]
[Result "0-1"]
[ECO "D11"]
[WhiteElo "2645"]
[BlackElo "2680"]
[Annotator "TA"]
[PlyCount "76"]
[EventDate "2023.05.21"]
[EventType "k.o."]
[EventCountry "NET"]
[SourceTitle "playchess.com"]
[Source "ChessBase"]
[SourceQuality "1"]
[TimeControl "900+3"]

1. d4 d5 2. Nf3 Nf6 3. g3 c6 4. Bg2 Bf5 5. O-O e6 6. c4 Be7 7. Qb3 Qb6 8. Nc3 {[%emt 0:01:06] D11: Slav Defence: 3 Nf3 sidelines and 3...Nf6 4 e3 Bg4.} O-O 9. Re1 {[%emt 0:03:00] [#]} Qxb3 $146 ({Predecessor:} 9... Nbd7 10. Bf4 h6 11. h4 Rfe8 12. Rac1 Bh7 13. Na4 Qxb3 14. axb3 Ne4 15. Red1 g5 16. hxg5 hxg5 {0-1 Turan,A (2024)-Nesterov,A (2388) EU-ch 19th Batumi 2018 (5)}) 10. axb3 {[%emt 0:00:03] The position is equal.} Bc2 11. Nd2 Na6 12. Ncb1 (12. cxd5 $15 Nxd5 13. Nxd5 cxd5 14. e4) 12... Nb4 $17 13. Na3 Rfd8 14. e3 h6 15. Bf1 c5 16. cxd5 Nfxd5 17. dxc5 Bxc5 18. Re2 Bd3 19. Re1 a6 20. Ndc4 b5 21. Ne5 Bxf1 22. Kxf1 Bd6 23. Nf3 Nd3 $36 {[%emt 0:00:03][%mdl 2048] Black is on the roll.} 24. Rd1 Nc5 {[%emt 0:00:17] Black is much more active. The white rooks are badly placed.} 25. Nd4 Rac8 26. Bd2 (26. Rb1 $142) 26... e5 $19 27. b4 Nd3 28. Nf5 Bf8 ({Weaker is} 28... Bxb4 29. Bxb4 N3xb4 30. e4 $15) (28... Nxb2 $2 {too greedy.} 29. Nxd6 Rxd6 30. Rdc1) 29. e4 {[%emt 0:00:02] [#]} Nf6 ({Worse is} 29... N5xb4 30. Rab1 $17) 30. Bc3 Nxe4 31. f3 (31. Be1 {was worth a try.}) 31... Nxc3 32. bxc3 Rxc3 33. Ne3 Bxb4 34. Nac2 Bc5 {[%emt 0:00:03] ...b4 is the strong threat.} 35. Rxa6 b4 36. Rc6 b3 37. Ne1 b2 {[%emt 0:00:05] [#] Threatens to win with ...Rc1.} 38. Nf5 Rc1 {[%emt 0:00:06] White did not feel at home in the position after the opening.   Weighted Error Value: White=0.63/Black=0.05 (flawless)} 0-1

[Event "ChessKid Cup Div-II 2023"]
[Site "Online"]
[Date "2023.05.25"]
[Round "4.2"]
[White "Fedoseev, Vladimir"]
[Black "Nguyen, Ngoc Truong Son"]
[Result "1-0"]
[ECO "D35"]
[WhiteElo "2680"]
[BlackElo "2645"]
[Annotator "TA"]
[PlyCount "145"]
[EventDate "2023.05.21"]
[EventType "k.o."]
[EventCountry "NET"]
[SourceTitle "playchess.com"]
[Source "ChessBase"]
[SourceQuality "1"]
[TimeControl "900+3"]

1. d4 Nf6 2. c4 e6 3. Nf3 d5 4. cxd5 exd5 5. Nc3 c6 6. Bf4 Bd6 7. Bxd6 Qxd6 8. e3 Bf5 {[%emt 0:00:15] The main line 8...Bf5 scores better than 8...0-0.} 9. Qb3 {[%emt 0:00:03] D35: Queen's Gambit Declined: Exchange Variation.} Nbd7 10. Be2 (10. Nh4 $5 Bg6 11. Qxb7 $14 (11. Nxg6 hxg6 12. Qxb7 Rb8 $14)) 10... O-O {[%emt 0:00:05] [#]} 11. Qxb7 $146 {[%emt 0:00:42] The position is equal.} ({Predecessor:} 11. O-O Rab8 12. a4 Ne4 13. Nxe4 Bxe4 14. Nd2 Nf6 15. Rfc1 Rfe8 16. Qa3 Qxa3 17. Rxa3 {1-0 Acosta,P (2448)-Vazquez,F (2357) Buenos Aires IM 05 2022 (1)}) 11... a5 {[%emt 0:01:50] White must now prevent ...Rfb8.} 12. Qb3 Rfb8 13. Qa3 Qxa3 ({Black should try} 13... Qb4 $11) 14. bxa3 $14 Ne4 15. Nd1 Rb6 16. O-O Rc8 17. Rc1 (17. Bd3 $5 ) 17... c5 18. dxc5 Rxc5 19. Rxc5 Ndxc5 20. Nd4 Bd7 21. f3 Nd2 22. Re1 Nb1 {[%emt 0:00:05] Prevents Nc3} 23. Nf2 Nxa3 24. Nd3 Ne6 25. Nxe6 fxe6 26. Rc1 {[%emt 0:00:13] Dodges Nc2} Rc6 27. Nc5 Be8 28. Kf2 Kf7 29. Bd3 h6 30. e4 Nc4 31. Nb7 {[%emt 0:01:00] Hoping for Nd8+.} Ne5 32. Nd8+ Kf6 33. Rxc6 Nxc6 $11 {[%emt 0:00:02][%mdl 4096] Endgame KBN-KBN} 34. Nb7 Nb4 35. Bb1 dxe4 36. a3 Nd5 {[%emt 0:00:06] ...e3+ would be deadly.} ({Don't take} 36... Nd3+ 37. Bxd3 exd3 38. Nxa5 $16 (38. Ke3 a4 $11)) 37. Bxe4 a4 $1 38. Bxd5 exd5 {[%emt 0:00:01] KB-KN} 39. Ke3 g5 40. Kd4 Bc6 41. Nc5 h5 42. g3 h4 ({Better is} 42... Kf5 $11) 43. Nd3 {[%emt 0:00:01] White is more active.} (43. g4 $1 $14) 43... Ke6 44. Kc5 Bb7 45. Kd4 {[%emt 0:00:05] Nc5+ would kill now.} Bc6 46. Ne5 Bb5 (46... Be8 $11) 47. gxh4 $16 gxh4 48. Ng6 h3 {[%emt 0:00:05][%mdl 8192] Loses the game.} (48... Kf5 $16 49. Nxh4+ Kf4) 49. Nf4+ $18 Kf5 50. Nxh3 (50. Nxd5 Be8 $16) 50... Bc4 51. Ke3 {[%emt 0:00:04] Nf4 is the strong threat.} Ke5 52. f4+ Kf5 53. Ng1 Kg4 54. Nf3 {[%emt 0:00:02] Threatening mate with Ne5+.} Ba2 55. Nd4 {[%emt 0:00:03] White mates.} Bb1 {[%emt 0:00:01] [#]} 56. f5 $1 Kg5 {[%emt 0:00:02] [#]} (56... Be4 57. f6) 57. h4+ $1 {[%emt 0:00:06][%mdl 576] Deflection} Kxh4 (57... Kf6 58. Kf4) 58. Kf4 Kh5 59. Ke5 Kh6 60. Ke6 ({Less strong is} 60. Kxd5 Kg7 $16) 60... Kg7 {[%emt 0:00:03] [#]} 61. Ke7 $1 ({Stronger than} 61. Kxd5 Kf6 $11) 61... Kg8 {[%emt 0:00:02] [#]} 62. f6 $1 Bg6 63. Ne6 Bh5 64. Nf4 Bf7 65. Ne2 Bh5 66. Ng3 Bg6 {[%emt 0:00:02] [#]} 67. Nf5 $1 {[%emt 0:00:01][%mdl 576] Deflection, Promotion} Bh5 {[%emt 0:00:07] [#]} 68. f7+ $1 {[%emt 0:00:01][%mdl 576] Decoy} Bxf7 69. Nh6+ Kg7 70. Nxf7 Kg6 71. Ke6 d4 72. Ne5+ Kg5 73. Kd5 {[%emt 0:00:01] Weighted Error Value: White=0.08 (flawless) /Black=0.27 (precise)} 1-0

[Event "ChessKid Cup Div-II 2023"]
[Site "Online"]
[Date "2023.05.25"]
[Round "4.3"]
[White "Nguyen, Ngoc Truong Son"]
[Black "Fedoseev, Vladimir"]
[Result "1-0"]
[ECO "D17"]
[WhiteElo "2645"]
[BlackElo "2680"]
[Annotator "TA"]
[PlyCount "51"]
[EventDate "2023.05.21"]
[EventType "k.o."]
[EventCountry "NET"]
[SourceTitle "playchess.com"]
[Source "ChessBase"]
[SourceQuality "1"]
[TimeControl "900+3"]

1. d4 d5 2. Nf3 Nf6 3. c4 c6 4. Nc3 dxc4 5. a4 Bf5 6. Ne5 Nbd7 7. Nxc4 Nb6 8. Ne5 a5 9. e3 {[%emt 0:00:18] D17: Slav Defence: 5 a4 Bf5: Lines with 6 Nh4 and 6 Ne5.} Nfd7 10. Bd3 g6 (10... e6 $5 ) 11. Bxf5 {[%emt 0:01:01] White has an edge.} gxf5 {[%emt 0:00:04] [#]} 12. Nd3 $146 ({Predecessor:} 12. Nf3 e6 13. O-O Nf6 14. Qe2 Bb4 15. Bd2 Rg8 16. Ne5 Nbd7 17. Nd3 Bd6 18. f4 {0-1 Ter Sahakyan,S (2605)-Dubov,D (2708) Speed Chess Q1 blitz 2022 (6)}) 12... e6 13. g4 Qg5 14. h3 O-O-O 15. Bd2 ({Better is} 15. Qf3 $11) 15... Nc4 16. Qe2 e5 17. d5 e4 (17... Ndb6 $15) 18. Nf4 $11 Nde5 {[%emt 0:00:01] Strongly threatening ...Nf3+.} (18... Nxb2 $2 19. dxc6 Nc5 20. Qb5 fxg4 21. Qxb2 $18 (21. cxb7+ Kb8 $16)) 19. O-O-O $1 Qf6 (19... fxg4 20. Nxe4 Qf5 21. Ng3 $16) 20. Kb1 Bh6 21. Bc1 {[%emt 0:00:15] Nh5 is the strong threat.} (21. dxc6 {feels hotter.} bxc6 22. Bc1 Bxf4 23. exf4 Nd3 24. gxf5 Qxf5 25. Nxe4 Nxf2 26. Rxd8+ Rxd8 27. Qxc4 Qxe4+ 28. Qxe4 Nxe4 29. Rg1) 21... Bxf4 {[%emt 0:00:16][%mdl 64] [#] Remove Defender} 22. exf4 Nd3 23. Rxd3 (23. f3 $5 cxd5 24. Rxd3 exd3 25. Qxd3 $11) 23... exd3 24. Qxd3 cxd5 (24... Nb6 $15 {stays ahead.} 25. g5 Qe6 26. dxe6 Rxd3) 25. Nxd5 $16 Qa6 {[%emt 0:00:10][%mdl 8192] [#]} (25... Qc6 $16 {was necessary.} 26. Ne7+ (26. Qxf5+ Kb8 $19) 26... Kc7 27. Qxd8+ (27. Nxc6 Rxd3 28. Kc2 Rd5 $17) 27... Rxd8 28. Nxc6 Kxc6) 26. Qxc4+ $3 {[%emt 0:00:05][%mdl 576] Remove Defender, Decoy. Excellently played by Nguyen!   Weighted Error Value: White=0.15 (very precise) /Black=0.56} 1-0

[Event "ChessKid Cup Div-II 2023"]
[Site "Online"]
[Date "2023.05.25"]
[Round "4.4"]
[White "Fedoseev, Vladimir"]
[Black "Nguyen, Ngoc Truong Son"]
[Result "1-0"]
[ECO "E67"]
[WhiteElo "2680"]
[BlackElo "2645"]
[Annotator "TA"]
[PlyCount "79"]
[EventDate "2023.05.21"]
[EventType "k.o."]
[EventCountry "NET"]
[SourceTitle "playchess.com"]
[Source "ChessBase"]
[SourceQuality "1"]
[TimeControl "900+3"]

1. d4 Nf6 2. c4 g6 3. g3 Bg7 4. Bg2 O-O 5. Nc3 d6 6. Nf3 Nbd7 7. O-O e5 8. Qc2 Re8 9. Rd1 c6 10. d5 c5 {[%emt 0:00:38] E67: King's Indian: Fianchetto: 6...Nbd7.} (10... cxd5 $11 11. cxd5 (11. Nxd5 Nxd5 12. cxd5 Nc5 $11) 11... Nc5) 11. e4 $16 {[%emt 0:00:12] [#]} h6 $146 ({Predecessor:} 11... a6 12. Rb1 Rf8 13. a3 h6 14. b4 Qc7 15. bxc5 Nxc5 16. Be3 Bd7 17. h3 Rfc8 18. Rdc1 {1-0 McNab,C (2438)-Lapidus,M (2221) SCO-ch 123rd 2016 (5)}) 12. h3 Nh7 {[%emt 0:00:11] White is better.} 13. Be3 Ndf8 14. Qd2 h5 15. Rab1 f5 16. b4 b6 17. bxc5 (17. a3 {simplifies} h4 18. Re1 hxg3 19. fxg3 Nf6 20. exf5 gxf5 21. Bg5) 17... bxc5 18. Bh6 (18. Rb3 $16) 18... fxe4 19. Nxe4 Bf5 20. Nh4 {[%emt 0:00:59] Bxg7 is the strong threat.} Qe7 (20... Bxe4 $142 21. Bxe4 Bxh6 {[%mdl 64] Remove Defender} 22. Qxh6 Qg5 23. Qxg5 Nxg5 24. Bxg6 Nxg6 25. Nxg6 Kg7) 21. Rb3 (21. Bxg7 $142 Kxg7 22. Nxf5+ gxf5 23. Nxc5 (23. Nc3 h4 $14)) 21... Rad8 22. Rdb1 {[%emt 0:00:23] White has more active pieces. The black rooks are badly placed.} (22. Be3 {simplifies} Nf6 23. Nxf5 gxf5 24. Ng5) 22... Rd7 23. Rb8 Rxb8 24. Rxb8 Rd8 25. Rb3 Qc7 ({Black should play} 25... Bxe4 $14 26. Bxe4 Bxh6 27. Qxh6 Qg5 28. Qxg5 Nxg5 29. Bxg6 Nxg6 30. Nxg6 Kf7) 26. Be3 $36 {[%emt 0:01:53][%mdl 2048] White is in control.} Rb8 27. Nc3 {[%emt 0:00:36] aiming for Nb5.} Rxb3 28. axb3 Qb6 29. Nxf5 gxf5 30. Qc2 e4 {[%emt 0:00:01] [#]} 31. g4 $1 hxg4 32. hxg4 Qa5 {[%emt 0:00:02] [#]} 33. Nb5 (33. Nd1 $1 $16) 33... Qa1+ $1 $11 (33... Qe1+ $2 34. Bf1 $18) 34. Qc1 {[%emt 0:00:03] Qxa1 would be deadly.} Qxc1+ {[%emt 0:00:15][%mdl 8192] This costs Black the game.} (34... Qf6 $1 $14) 35. Bxc1 $18 Be5 36. gxf5 ({Don't do} 36. Nxa7 fxg4 37. Bxe4 Nf6 $18) 36... Nf6 37. Nxa7 N8d7 38. Nc6 Kf7 39. Kf1 Bh2 40. Ke2 {[%emt 0:00:06] Weighted Error Value: White=0.21 (precise) /Black=0.28 (precise)} 1-0

[Event "ChessKid Cup Div-II 2023"]
[Site "Online"]
[Date "2023.05.26"]
[Round "5.1"]
[White "Fedoseev, Vladimir"]
[Black "Mamedyarov, Shakhriyar"]
[Result "1/2-1/2"]
[ECO "D02"]
[WhiteElo "2680"]
[BlackElo "2738"]
[Annotator "TA"]
[PlyCount "90"]
[EventDate "2023.05.21"]
[EventType "k.o."]
[EventCountry "NET"]
[SourceTitle "playchess.com"]
[Source "ChessBase"]
[SourceQuality "1"]
[TimeControl "900+3"]

1. Nf3 d5 2. d4 Nf6 3. Bf4 Bf5 4. e3 e6 5. c4 Bd6 6. Bxd6 {[%emt 0:00:09] D02: 1 d4 d5 2 Nf3 sidelines, including 2...Nf6 3 g3 and 2...Nf6 3 Bf4.} cxd6 7. cxd5 Nxd5 8. Nbd2 {[%emt 0:00:01] [#] Hoping for e4.} Bg6 9. Bc4 Nb6 {[%emt 0:00:33] [#]} 10. Bb5+ $146 ({Predecessor:} 10. Qb3 O-O 11. Bb5 a6 12. Be2 h6 13. Rc1 Nc6 14. O-O Nd5 15. Rfd1 f5 16. Ne1 {½-½ Baumann,W (1987)-Liutaia,L (1969) W-ch WS/H/764 email 2020}) 10... N8d7 11. Qb3 O-O 12. O-O Nf6 13. Rfc1 Ne4 14. a4 Rc8 15. a5 Rxc1+ 16. Rxc1 {[%emt 0:00:04] Black must now prevent Nxe4.} Nd5 17. Qa3 Ndf6 18. h3 h6 19. Nxe4 Nxe4 20. Bd3 Qb8 21. d5 exd5 22. Nd4 Rc8 23. Rd1 Qc7 24. Nb5 (24. Bxe4 {simplifies} dxe4 25. Ne2 Qe7 26. Rxd6 Rc4 27. a6) 24... Qd8 (24... Qe7 {simplifies} 25. Bxe4 Bxe4 26. Nxd6 Rc7) 25. Bxe4 Bxe4 26. Nxd6 Qg5 $1 27. Nxe4 dxe4 $14 {[%emt 0:00:00][%mdl 4096] Endgame KQR-KQR} 28. Qb3 Qe7 {[%emt 0:00:33] The position is equal.} 29. g3 Rc5 30. Qb4 Re5 31. Qxe7 Rxe7 $11 {[%emt 0:00:01] KR-KR} 32. Rd5 g6 33. g4 Kg7 34. Kg2 Kf6 35. Kg3 Re5 36. Rd7 Rb5 {[%emt 0:00:04] [#]} 37. a6 $1 bxa6 38. Rd6+ Kg7 39. Rxa6 Rxb2 40. Rxa7 Rb4 41. h4 g5 42. h5 Rc4 43. Rd7 Rb4 44. Rd6 Ra4 45. Kg2 Rb4 {[%emt 0:00:01] Weighted Error Value: White=0.03 (flawless) /Black=0.03 (flawless)} 1/2-1/2

[Event "ChessKid Cup Div-II 2023"]
[Site "Online"]
[Date "2023.05.26"]
[Round "5.2"]
[White "Mamedyarov, Shakhriyar"]
[Black "Fedoseev, Vladimir"]
[Result "1-0"]
[ECO "D37"]
[WhiteElo "2738"]
[BlackElo "2680"]
[Annotator "TA"]
[PlyCount "149"]
[EventDate "2023.05.21"]
[EventType "k.o."]
[EventCountry "NET"]
[SourceTitle "playchess.com"]
[Source "ChessBase"]
[SourceQuality "1"]
[TimeControl "900+3"]

1. d4 d5 2. c4 e6 3. Nf3 Nf6 4. Nc3 Nbd7 5. Bf4 dxc4 6. e3 {[%emt 0:00:02] D37: Queen's Gambit Declined: 5 Bf4.} Bd6 {[%emt 0:00:01] now supersedes 6...Nd5.} 7. Bxc4 Bxf4 8. exf4 {[%emt 0:00:01] The position is equal.} Nb6 9. Bb3 O-O 10. O-O {[%emt 0:00:03] [#]} Bd7 $146 ({Predecessor:} 10... Nbd5 11. Qd2 b6 12. Rac1 Bb7 13. Rfd1 Nxc3 14. Qxc3 Rc8 15. Ne5 Qe7 16. Qh3 c5 17. dxc5 Rxc5 18. Rxc5 Qxc5 19. Bxe6 fxe6 20. Qxe6+ {½-½ Majek,K (2083)-Liberadzki,S (1955) Warsaw YMCA Autumn-A 205th 2018 (6)}) 11. Ne5 Bc6 12. Nxc6 bxc6 13. g3 Qd6 14. Qf3 a5 15. a3 a4 16. Ba2 Rfb8 17. Rac1 Nbd7 (17... Qxd4 $2 18. Rfd1 Qc5 19. Nd5 $18) 18. Rc2 Qxd4 19. Qxc6 Qc5 20. Qf3 Qf5 21. Rd2 h5 (21... Qc5 $142) 22. Rfd1 $16 Nb6 23. Bb1 {[%emt 0:00:30] White is more active.} Qg4 (23... Qh3 $16 {might work better.}) 24. Qc6 (24. Qg2 $1 $18 h4 25. h3) 24... Nbd5 25. Nxd5 (25. Nxa4 h4 $14) 25... exd5 26. Ba2 Ne4 (26... Rd8 $16) 27. Rxd5 $18 {[%emt 0:01:49] Threatens to win with Re1.} Qe2 {[%emt 0:00:04] Against Re1} 28. Rf1 Nf6 29. Bc4 (29. Re5 Qxb2 30. Bc4 Qxa3 $16) (29. Rg5 $1 $18 Qe7 30. Rc1) 29... Qxb2 $16 30. Rb5 Rxb5 31. Qxa8+ Rb8 32. Qxa4 h4 33. Qa5 $36 {[%emt 0:00:05][%mdl 2048] White has strong initiative.} hxg3 34. hxg3 (34. Qxc7 gxf2+ 35. Rxf2 Qb1+ 36. Bf1 (36. Rf1 Qg6+ 37. Kh1 Qe4+ 38. Kg1 Qe3+ 39. Kh1 Qe4+ 40. Kg1 Rf8 $15) 36... Ra8 $11) 34... Qb6 35. Qc3 Ra8 (35... Ne4 $16 36. Qe5 (36. Bxf7+ Kf8 $16) 36... Nxg3) 36. Bb3 $18 Ne8 (36... Rf8 $142 37. Re1 Ng4) 37. a4 Nd6 38. Re1 Qa5 39. Qxa5 Rxa5 {[%emt 0:00:01][%mdl 4096] Endgame KRB-KRN} 40. Re5 Ra7 41. Kf1 Kf8 42. Ke2 Rb7 43. Bc2 f6 44. Rc5 Ke7 45. Kd3 Ra7 46. Kc3 Kd7 47. Rh5 c6 48. Rh7 $1 Ke6 (48... Ne8 {was worth a try.} 49. Kc4 c5) 49. g4 (49. Bb3+ $1 $18 {is the precise move to win.} Kf5 50. f3) 49... c5 (49... Re7 $16 50. Rh3 Rc7 51. Bb3+ Kd7) 50. Rh1 (50. Bb3+ $1 $18 c4 51. Bc2 (51. Bxc4+ Nxc4 52. Kxc4 Rxa4+ 53. Kd3 Rxf4 $11)) 50... Kd5 $14 51. Rh5+ (51. Rd1+ $16 Kc6 52. f3) 51... Kc6 52. Rh3 Rb7 53. Rh7 Rb4 54. g5 Rxf4 55. g6 Rxf2 (55... Ne8 $11) 56. Rxg7 f5 57. Rg8 Rf3+ 58. Kd2 {[%emt 0:00:03] Black must now prevent g7.} Rg3 59. g7 {[%emt 0:00:10] Ke1 would be deadly.} Kb7 60. Ke2 (60. a5 $14) 60... Ne4 $2 (60... Nc8 $1 $11 {and Black has nothing to worry.}) 61. Bd3 $2 (61. Bxe4+ fxe4 62. Kf2 Rg4 $11) (61. Bb3 $1 $18 Nc3+ 62. Kf2) 61... Ka7 $2 ({Black should try} 61... Nc3+ $14 62. Kf1 (62. Kd2 Nxa4 63. Bxf5 Nb6 $11) 62... Rxd3 63. Rb8+ {[%mdl 64] Decoy} Kxb8 64. g8=Q+ (64. g8=R+ $2 Kb7 $19) 64... Ka7) 62. a5 $1 $18 Nc3+ 63. Kf2 $2 (63. Kd2 $6 Ne4+ 64. Ke1 (64. Bxe4 fxe4 65. Ke1 e3 $11) 64... Rg1+ 65. Ke2 Nd6 $18) (63. Ke1 $18 {and White stays clearly on top.}) 63... f4 $16 {[%emt 0:00:00] [#]} 64. a6 Nd1+ (64... Rxd3 65. Ra8+ Kxa8 66. g8=Q+ (66. g8=R+ $2 {too greedy.} Ka7 $19) 66... Ka7 67. Qh7+ Kb6 68. Qxd3 Nb5 69. Qxb5+ Kxb5 70. a7) 65. Ke1 {[%emt 0:00:01] Chess con chili.} ({Don't do} 65. Ke2 Nc3+ 66. Kd2 Na4 $14) 65... Nc3 $1 {[%emt 0:00:02] Wards off Be4} (65... Rxd3 66. Ra8+ Kb6 67. g8=Q Ne3 68. Qg6+) 66. Kd2 Nd5 $2 (66... Na4 $11) 67. Be4 $2 (67. Rd8 $18 {White threatens Rd7+ and mate.} Rxg7 68. Rxd5) 67... Ne7 $2 (67... Nf6 $11 68. Ra8+ Kb6 69. Rb8+ Ka7 70. Ra8+ Kb6 71. Rb8+ Ka7 72. Ra8+) 68. Ra8+ $18 Kb6 {[%emt 0:00:01] [#]} 69. Bd3 $1 Rxg7 70. Rb8+ {[%emt 0:00:01] White mates.} Kc7 71. a7 Rg2+ 72. Be2 f3 73. a8=Q (73. a8=N+ {leads to mate.} Kxb8 74. Nb6 Rxe2+ 75. Kd3 Kc7 76. Nc4 Ng6 77. Nd2 Nf4+ 78. Kc2 Rxd2+ {[%mdl 64] Promotion} 79. Kxd2 f2 80. Kc3 f1=Q 81. Kc2 Qc4+ 82. Kd2 Qd3+ 83. Kc1 Qc3+ 84. Kd1 Qb2 85. Ke1 Qe2#) 73... Rxe2+ 74. Kd1 Nc6 75. Rc8+ {[%emt 0:00:02] Weighted Error Value: White=0.17 (very precise) /Black=0.23 (precise)} 1-0